 Dungeon Crawl Stone Soup version 0.20-a0-927-g1ae2c61 (webtiles) character file.

69153 claquette the Warrior (level 14, -4/205 (207) HPs)
             Began as a Minotaur Berserker on Mar 29, 2017.
             Was a High Priest of Trog.
             Killed by drain life
             ... invoked by a soul eater
             ... summoned by an orc sorcerer
              (8 damage)
             ... while paralysed by an orc sorcerer
             ... on level 2 of the Orcish Mines.
             The game lasted 02:27:25 (18945 turns).

claquette the Warrior (Minotaur Berserker)         Turns: 18945, Time: 02:27:26

HP:   -4/205 (207)  AC: 22    Str: 28    XL:     14   Next: 89%
MP:   0/13          EV:  2    Int: -1 (4) God:    Trog [*****.]
Gold: 2124          SH:  0    Dex: 23    Spells: 13/13 levels left

rFire    . . .     SeeInvis .   D - +1 executioner's axe (chop)
rCold    . . .     Gourm    .   (shield currently unavailable)
rNeg     . . .     Faith    +   G - +1 plate armour
rPois    .         Spirit   +   Y - +1 hat
rElec    .         Reflect  .   g - scarf {Spirit}
rCorr    .         Harm     .   y - +1 pair of gloves
MR       .....                  P - +0 pair of boots
Stlth    ..........             b - amulet of faith
Regen    0.5/turn               Q - ring of Starshine {+Blink MR- Dex+9 Stlth-}
MPRegen  0.2/turn               R - +4 ring of evasion

@: paralysed, berserking (expiring), lethally poisoned (-4 -> -6), slowed, lost
intelligence, heavily drained
A: retaliatory headbutt, horns 2
a: Berserk, Trog's Hand, Brothers in Arms, Burn Spellbooks, Renounce Religion,
Evoke Blink


You were on level 2 of the Orcish Mines.
You worshipped Trog.
Trog was extremely pleased with you.
You were hungry.

You visited 3 branches of the dungeon, and saw 20 of its levels.
You also visited: Bailey.

You collected 2558 gold pieces.
You spent 434 gold pieces at shops.

Inventory:

Hand Weapons
 r - a +3 longbow of flaming
 u - a +4 antimagic broad axe
 D - a +1 executioner's axe of chopping (weapon)
 F - a +3 shortbow of flaming
Missiles
 J - 261 arrows
Armour
 a - a +2 ring mail of magic resistance
 g - a scarf of spirit shield (worn)
 y - a +1 pair of gloves (worn)
 B - a scarf of cold resistance
 C - a +1 ring mail of cold resistance
 E - a +2 buckler
 G - a +1 plate armour (worn)
 N - a +0 large shield
 P - a +0 pair of boots (worn)
 W - a +2 cloak
 Y - a +1 hat (worn)
Jewellery
 b - an amulet of faith (around neck)
 f - a +4 amulet of reflection
 t - an uncursed ring of teleportation
 w - an uncursed ring of see invisible
 z - the ring "Eskuk" {+Inv Str+2 Int+5 Stlth+}
   (You found it on level 6 of the Lair of Beasts)

   [ring of stealth]

   It affects your strength (+2).
   It affects your intelligence (+5).
   It lets you turn invisible.
   It makes you more stealthy.
 A - an uncursed ring of fire
 Q - the ring of Starshine (left hand) {+Blink MR- Dex+9 Stlth-}
   (You bought it in a shop on level 9 of the Dungeon)

   [ring of loudness]

   It affects your dexterity (+9).
   It affects your resistance to hostile enchantments.
   It lets you blink.
   It makes you less stealthy.
 R - a +4 ring of evasion (right hand)
Wands
 V - a wand of digging (10/24)
Scrolls
 d - 5 scrolls of identify
 j - 3 scrolls of enchant weapon
 l - 2 scrolls of remove curse
 m - 7 scrolls of enchant armour
 v - 9 scrolls of teleportation
 L - a scroll of fog
 T - a scroll of fear
 X - 3 scrolls of recharging
Potions
 e - 4 potions of heal wounds
 h - 3 potions of magic
 i - 2 potions of flight {unknown}
 k - 12 potions of curing
 n - 4 potions of might
 o - 2 potions of ambrosia
 p - a potion of invisibility {unknown}
 x - 4 potions of haste
 K - a potion of brilliance
 M - 4 potions of lignification
 S - a potion of berserk rage
 U - a potion of experience {unknown}
Books
 I - a book of Battle

   Spells                             Type                      Level
   a - Infusion                       Charms                       1
   b - Shroud of Golubria             Charms/Translocation         2
   c - Song of Slaying                Charms                       2
   d - Spectral Weapon                Hexes/Charms                 3
   e - Regeneration                   Charms/Necromancy            3
   Trog disapproves of the use of such an item.
 O - a book of Power

   Spells                             Type                      Level
   a - Iskenderun's Battlesphere      Conjuration/Charms           5
   b - Venom Bolt                     Conjuration/Poison           5
   c - Bolt of Magma                  Conjuration/Fire/Earth       5
   d - Iron Shot                      Conjuration/Earth            6
   e - Orb of Destruction             Conjuration                  7
   f - Spellforged Servitor           Conjuration/Summoning        7
   Trog disapproves of the use of such an item.
Comestibles
 c - 10 bread rations
 q - 10 royal jellies
 s - a chunk of flesh
 H - 8 meat rations


   Skills:
 * Level 16.8(14.9) Fighting
 + Level 16.4(14.6) Axes
   Level 1.4(9.5) Maces & Flails
 + Level 9.4(7.9) Bows
 + Level 0.4(0.0) Throwing
 * Level 15.3(13.5) Armour
 + Level 4.1(2.7) Dodging
 + Level 0.6(0.0) Stealth
 + Level 7.5(6.0) Shields
 + Level 0.5(0.0) Evocations


You had 13 spell levels left.
You didn't know any spells.

Dungeon Overview and Level Annotations

Branches:
Dungeon (13/15)            Temple (0/1) D:5            Lair (6/6) D:8
 Shoals (0/4) Lair:2       Spider (0/4) Lair:3        Slime (0/5) Lair:5
    Orc (2/2) D:11            Elf (0/3) Orc:2
 Vaults: D:13-14

Altars:
Ashenzari
Elyvilon
Fedhas
Hepliaklqana
Nemelex Xobeh
Okawaru
Sif Muna
Trog
Uskayaw
Wu Jian
Xom
Yredelemnul
The Shining One
Jiyva

Shops:
D:5 %   D:9 =   D:10 =   D:11 [   D:12 }   Orc:1 :!

Portals:
Trove: D:13 (give 7 scrolls of blinking)


Innate Abilities, Weirdness & Mutations

You reflexively headbutt those who attack you in melee.
You have a pair of horns on your head.


Message History

You feel sick. The sixfirhy barely misses you.
The orc priest looks encouraged for a moment.
The orc priest hits you but does no damage.
The neqoxec gestures at you.
You feel dopey.
You have lost your intelligence.
Something feeds on your intellect!
The orc sorcerer casts a spell.
The soul eater hits you.
* * * LOW HITPOINT WARNING * * *
The orc sorcerer hits you but does no damage.
The sixfirhy hits you but does no damage.
The sixfirhy hits you.
* * * LOW HITPOINT WARNING * * *
The sixfirhy shocks you!
* * * LOW HITPOINT WARNING * * *
The sixfirhy hits you but does no damage.
The orc high priest calls upon Beogh to heal something.
The sixfirhy hits you but does no damage.
The soul eater draws from the surrounding life force!
You die...

..$.....#.....
.........#....
..........#...
..........#..#
.........5o.5#
.........4.34.#
........o)oo.5#
.........33# ........o@o#
.....(...).# ...........#
.......$...# .......(..(##
............##
.............#############
..........................
..........................


You could see a soul eater, an orc high priest, a rust devil, a sixfirhy, a
neqoxec, 2 orc sorcerers, a red devil, 2 iron imps and 3 orc priests.

Vanquished Creatures
  Kirke (Lair:5)
  The ghost of nikopol the Severer, a journeyman MiBe of Trog (Lair:6)
  Harold (Lair:3)
  8 hydras
  A centaur warrior (D:11)
  3 catoblepae (Lair:6)
  5 two-headed ogres
  8 death yaks
  2 unseen horrors (D:11)
  The ghost of Paps the Covered, a novice MiFi of Okawaru (D:8)
  Pikel (D:8)
  3 orc sorcerers
  5 ugly things
  3 manticores
  A merfolk siren (Lair:2)
  14 elephants
  3 black mambas
  8 spiny frogs
  A centaur skeleton (D:10)
  2 rime drakes (Lair:6)
  4 komodo dragons
  3 trolls
  2 polar bears (Lair:3)
  4 hornets
  A slime creature (D:10)
  9 hippogriffs
  14 blink frogs
  4 redbacks (Lair:3)
  2 wyverns
  12 spriggans (Lair:4)
  58 yaks
  6 hogs
  2 humans
  2 basilisks
  4 hungry ghosts
  Menkaure (D:6)
  2 wargs
  12 water moccasins
  11 porcupines
  Duvessa (D:7)
  15 orc warriors
  4 sky beasts
  2 black bears
  3 ice beasts
  2 slaves (D:8)
  An eye of draining (D:13)
  3 necrophages
  6 ogres
  A phantom (D:8)
  3 boggarts (Lair:4)
  9 centaurs
  5 wolves (Lair:3)
  A crocodile (shapeshifter) (D:13)
  8 crocodiles
  2 big kobolds
  15 bullfrogs
  8 gnoll sergeants (Bailey)
  Dowan (D:7)
  A scorpion (D:12)
  9 killer bees
  9 wights
  3 howler monkeys
  3 centaur zombies
  3 crimson imps
  8 hounds
  8 jellies
  10 orc priests
  Crazy Yiuf (D:7)
  23 orc wizards
  4 bullfrog skeletons
  7 gnoll shamans
  7 iguanas
  A hell rat (D:8)
  4 worker ants
  A hound skeleton (D:5)
  A howler monkey skeleton (D:8)
  2 worker ant zombies
  6 adders
  29 gnolls
  4 shadow imps
  4 oozes
  2 worms
  An adder skeleton (D:5)
  A dart slug (D:1)
  5 leopard geckos
  44 orcs
  4 bats (D:1)
  7 giant cockroaches
  9 goblins
  3 hobgoblins (D:2)
  7 jackals
  6 quokkas
  2 ball pythons
  2 frilled lizards
  20 kobolds
  2 quokka skeletons
  4 rats
  A fungus (Lair:2)
583 creatures vanquished.

Vanquished Creatures (others)
  A porcupine (Lair:5)
  An orc wizard (Orc:2)
  5 fungi
  6 plants
13 creatures vanquished.

Grand Total: 596 creatures vanquished

Notes
Turn   | Place    | Note
-------+----------+-------------------------------------------
     0 | D:1      | claquette the Minotaur Berserker began the quest for the Orb.
     0 | D:1      | Reached XP level 1. HP: 19/19 MP: 0/0
   106 | D:1      | Reached XP level 2. HP: 27/27 MP: 1/1
   121 | D:1      | Found a glowing golden altar of the Shining One.
   636 | D:1      | Reached XP level 3. HP: 33/33 MP: 2/2
   752 | D:2      | Reached ** piety under Trog
  1154 | D:2      | You fall through a shaft for 2 floors!
  1157 | D:4      | Reached XP level 4. HP: 41/41 MP: 3/3
  1269 | D:4      | Reached XP level 5. HP: 6/47 MP: 4/4
  1596 | D:4      | Noticed an ogre
  1601 | D:4      | Killed an ogre
  1601 | D:4      | Reached skill level 5 in Fighting
  1601 | D:4      | Reached skill level 5 in Axes
  1862 | D:4      | Found a bloodstained altar of Trog.
  2030 | D:4      | Reached XP level 6. HP: 47/56 MP: 5/5
  2223 | D:5      | Entered Level 5 of the Dungeon
  2230 | D:5      | Found a hide-covered altar of Uskayaw.
  2275 | D:5      | Noticed a sky beast
  2288 | D:5      | Killed a sky beast
  2288 | D:5      | Reached skill level 5 in Armour
  2371 | D:5      | Reached skill level 1 in Maces & Flails
  2606 | D:5      | Found Owuakh's Food Boutique.
  2643 | D:5      | Reached skill level 1 in Shields
  2643 | D:5      | Reached XP level 7. HP: 57/62 MP: 6/6
  2654 | D:5      | Noticed a dagger
  2655 | D:5      | Noticed a hand axe
  2799 | D:5      | Reached *** piety under Trog
  2925 | D:5      | Found a shimmering altar of Xom.
  3079 | D:5      | Found a staircase to the Ecumenical Temple.
  3279 | D:6      | Reached XP level 8. HP: 38/71 MP: 7/7
  3602 | D:6      | Found a faded altar of an unknown god.
  3602 | D:6      | Found a sparkling altar of Nemelex Xobeh.
  3608 | D:6      | Found a faded altar of an unknown god.
  3610 | D:6      | Found an iron altar of Okawaru.
  3616 | D:6      | Found a blossoming altar of Fedhas.
  3785 | D:6      | Noticed Menkaure
  3789 | D:6      | Killed Menkaure
  4189 | D:7      | Found a runed door.
  4226 | D:7      | Noticed a two-headed ogre
  4236 | D:7      | Killed a two-headed ogre
  4236 | D:7      | Reached XP level 9. HP: 27/82 MP: 8/8
  4327 | D:7      | Found a hazy altar of Hepliaklqana.
  4341 | D:7      | Reached **** piety under Trog
  4406 | D:7      | Found a basalt altar of Yredelemnul.
  4411 | D:7      | Noticed Dowan
  4411 | D:7      | Noticed Duvessa
  4416 | D:7      | Killed Duvessa
  4417 | D:7      | Killed Dowan
  4732 | D:7      | Reached skill level 10 in Axes
  4851 | D:7      | Noticed Crazy Yiuf
  4855 | D:7      | Killed Crazy Yiuf
  4949 | D:8      | Found an ornate altar of the Wu Jian Council.
  5019 | D:8      | Found a staircase to the Lair.
  5020 | D:8      | Noticed a death yak
  5021 | D:8      | Noticed a death yak
  5022 | D:8      | Noticed a death yak
  5032 | D:8      | Killed a death yak
  5032 | D:8      | Reached XP level 10. HP: 55/92 MP: 9/9
  5037 | D:8      | Killed a death yak
  5037 | D:8      | Reached skill level 10 in Fighting
  5052 | D:8      | Killed a death yak
  5113 | D:8      | Noticed Paps's ghost (novice MiFi)
  5121 | D:8      | Killed Paps's ghost
  5329 | D:8      | Noticed Pikel
  5347 | D:8      | Killed Pikel
  5822 | Lair:1   | Entered Level 1 of the Lair of Beasts
  5835 | Lair:1   | Noticed a five-headed hydra
  5859 | D:8      | Reached skill level 10 in Armour
  5983 | D:9      | Noticed a two-headed ogre
  5994 | D:9      | Killed a two-headed ogre
  5994 | D:9      | Reached XP level 11. HP: 47/101 MP: 10/10
  6032 | D:9      | Found a shattered altar of Ashenzari.
  6184 | D:9      | Found Zurizam's Jewellery Shop.
  6192 | D:9      | Bought the ring of Starshine {+Blink MR- Dex+9 Stlth-} for 434 gold pieces
  6216 | D:9      | Found a white marble altar of Elyvilon.
  6657 | D:8      | Got an ancient dagger
  6658 | D:8      | Identified the +5 dagger "Huepnutim" {venom, rF+ Str+4} (You found it on level 8 of the Dungeon)
  6745 | D:10     | Entered Level 10 of the Dungeon
  6745 | D:10     | Found a viscous altar of Jiyva.
  6844 | D:10     | Found Qiysyu's Jewellery Shoppe.
  6854 | D:10     | Reached ***** piety under Trog
  7332 | D:10     | Found a deep blue altar of Sif Muna.
  7380 | D:10     | Reached skill level 5 in Shields
  7629 | D:10     | You fall through a shaft for 3 floors!
  7636 | D:13     | Noticed a brown ugly thing
  7644 | D:13     | Killed a brown ugly thing
  7692 | D:13     | Found a portal to a secret trove of treasure.
  7723 | D:13     | Noticed an orc knight
  7779 | D:13     | Noticed a vault guard
  7893 | D:13     | Noticed a two-headed ogre
  7899 | D:13     | Killed a two-headed ogre
  8232 | D:12     | Found Ommoh's Gadget Emporium.
  8392 | D:11     | Found a sparkling altar of Nemelex Xobeh.
  8464 | D:11     | Found a basalt altar of Yredelemnul.
  8467 | D:11     | Noticed a green ugly thing
  8480 | D:11     | Killed a green ugly thing
  8480 | D:11     | Reached XP level 12. HP: 99/112 MP: 11/11
  8499 | D:11     | Received a gift from Trog
  8518 | D:11     | Noticed a centaur warrior
  8524 | D:11     | Killed a centaur warrior
  8637 | D:11     | Reached skill level 1 in Bows
  8671 | D:11     | Noticed a two-headed ogre
  8676 | D:11     | Killed a two-headed ogre
  8853 | D:11     | Found a staircase to the Orcish Mines.
  8856 | D:11     | Found Kostrioma's Armour Emporium.
  9680 | Lair:1   | Killed a five-headed hydra
  9811 | Lair:1   | Noticed a five-headed hydra
  9815 | Lair:1   | Killed a five-headed hydra
  9886 | Lair:1   | Reached skill level 5 in Bows
 10736 | Lair:2   | Reached XP level 13. HP: 124/124 MP: 12/12
 10772 | Lair:2   | Found a staircase to the Shoals.
 10911 | Lair:2   | Reached ****** piety under Trog
 11298 | Lair:3   | Received a gift from Trog
 11408 | Lair:3   | Found a hole to the Spider Nest.
 11851 | Lair:3   | Noticed Harold
 11858 | Lair:3   | Killed Harold
 12141 | Lair:4   | Found a frozen archway.
 12190 | Lair:4   | Reached skill level 15 in Fighting
 12949 | Lair:4   | Reached skill level 15 in Axes
 14182 | Lair:5   | Found a staircase to the Slime Pits.
 14221 | Lair:5   | Noticed Kirke
 14249 | Lair:5   | Killed Kirke
 14465 | Lair:6   | Entered Level 6 of the Lair of Beasts
 14475 | Lair:6   | Reached XP level 14. HP: 129/135 MP: 13/13
 14579 | Lair:6   | Received a gift from Trog
 14670 | Lair:6   | Noticed nikopol's ghost (journeyman MiBe)
 14688 | Lair:6   | Killed nikopol's ghost
 15745 | Lair:6   | Got a brightly glowing bone ring
 16572 | Lair:6   | Reached skill level 15 in Armour
 17597 | Lair:5   | Identified the ring "Eskuk" {+Inv Str+2 Int+5 Stlth+} (You found it on level 6 of the Lair of Beasts)
 17721 | Orc:1    | Entered Level 1 of the Orcish Mines
 17721 | Orc:1    | Found Burphag's Distillery.
 17894 | Orc:1    | Found a flagged portal.
 17902 | Bailey   | Entered a bailey
 17953 | Bailey   | Received a gift from Trog
 18098 | Bailey   | Received a gift from Trog
 18545 | Orc:1    | Found Puem's Book Boutique.
 18570 | Orc:2    | Entered Level 2 of the Orcish Mines
 18571 | Orc:2    | Found a staircase to the Elven Halls.
 18864 | Orc:2    | Received a gift from Trog
 18941 | Orc:2    | Paralysed by an orc sorcerer for 4 turns
 18944 | Orc:2    | Lost intelligence.
 18945 | Orc:2    | HP: 4/205 [sixfirhy[an orc sorcerer] (11)]
 18945 | Orc:2    | Killed from afar by a soul eater

Vault maps used:
D:1:      saegor_arrival_simple_a, tso_metal_star
D:4:      lightli_temple_of_fire, first_bread, kennysheep_generic_room_15
D:5:      dancing_weapons_uskayaw, minmay_temple_entry_enclosed_plants,
          serial_shops, nicolae_shop_trees, xom_teletrap_fun
D:6:      chequers_temple_overflow_minitemple, minivault_1,
          minmay_unpleasant_kobolds, uniq_menkaure
D:7:      overflow_temple_1_default, nicolae_overflow_crystal_walls,
          uniq_crazy_yiuf_cottage, uniq_duvessa
D:8:      old_standard_altar, dpeg_lair_monsters, uniq_pikel
D:9:      kennysheep_mini, serial_shops, shop, grunt_livestock,
          ashenzari_altar_1
D:10:     kennysheep_orc_sif_temple, serial_shops, shop, dk_noncrumbling_4,
          jiyva_altar_1
D:11:     orc_david_3, basic_altar, nemelex_xobeh_ov_fountains_minmay
D:12:     serial_shops, shop_fountains
D:13:     grunt_vaults_entry_fortified, serial_shops, kennysheep_little_box,
          enter_trove_6
Lair:2:   minmay_shoals_entry_lonely_mermaid, lemuel_fruit_fields
Lair:3:   spider_nest_entry_webs, grunt_megastairs_2, uniq_harold
Lair:4:   kb_forest_paths, portal_ice_cave_entry_pillars_2
Lair:5:   nicolae_slime_entry_slimehenge, uniq_kirke
Lair:6:   evilmike_catoblepas_cave
Orc:1:    serial_shops, shop, shop_fountains, nicolae_shop_waterfront, shop,
          enter_bailey_3
Orc:2:    st_orc_mages
Bailey:   bailey_polearm_gnolls_kennysheep, bailey

Skill      XL: |  1  2  3  4  5  6  7  8  9 10 11 12 13 14 |
---------------+-------------------------------------------+-----
Axes           | 4 5 6 8 10 12 14 15 16 | 16.4
Fighting       | 4 5 6 8 9 11 12 14 15 16 | 16.8
Armour         | 3 4 5 6 8 9 10 11 12 14 15 | 15.3
Dodging        | 3 4 |  4.1
Maces & Flails | 1 |  1.4
Shields        | 1 3 4 5 6 7 |  7.5
Bows           | 6 8 9 |  9.4
Throwing       | |  0.4
Stealth        | |  0.6
Evocations     | |  0.5

Action                   |  1- 3 |  4- 6 |  7- 9 | 10-12 | 13-15 || total
-------------------------+-------+-------+-------+-------+-------++-------
Melee: Hand axe          |    90 |    43 |       |       |       ||   133
       Headbutt          |    14 |    14 |    52 |   146 |   196 ||   422
       Mace              |       |    17 |       |       |       ||    17
       War axe           |       |    24 |   255 |   418 |   227 ||   924
       Broad axe         |       |       |       |       |   312 ||   312
       Executioner's axe |       |       |       |       |    24 ||    24
 Fire: Shortbow          |       |       |       |     4 |       ||     4
       Longbow           |       |       |       |   164 |   229 ||   393
Throw: Stone             |       |     4 |     2 |       |       ||     6
Invok: Berserk           |       |     1 |     3 |     2 |     2 ||     8
       Burn Spellbooks   |       |       |       |       |     1 ||     1
 Abil: Evoke Blink       |       |       |       |     2 |     3 ||     5
  Use: Scroll            |       |     3 |     4 |     8 |     8 ||    23
  Eat: Chunk             |     1 |     5 |     6 |    18 |    15 ||    45
       Bread ration      |       |       |     1 |     2 |       ||     3
       Fruit             |       |       |       |     4 |     9 ||    13
       Meat ration       |       |       |       |       |     1 ||     1
Armor: Leather armour    |     9 |       |       |       |       ||     9
       Animal skin       |     5 |       |       |       |       ||     5
       Scale mail        |    13 |    21 |       |       |       ||    34
       Chain mail        |       |    17 |       |       |       ||    17
       Plate armour      |       |    13 |   124 |   246 |   381 ||   764
Dodge: Dodged            |    51 |    24 |    77 |   272 |   345 ||   769
Block: Buckler           |       |    10 |    42 |    95 |    32 ||   179
       Large shield      |       |       |       |       |   311 ||   311
